MWL (24 & UNDER)
PLUMSTEAD EAGLES @ EVANSTON ELITISTS
09/19/2028
 
TOP OF THE 1ST
Plumstead Eagles batting - Pitching for Evanston Elitists : RHP Luis Torres
Pitching: RHP Luis Torres
Batting: LHB Dennis McConnell 0-0: Ball
1-0: Ground out 4-3 (Groundball, 4M)
Batting: RHB Rob Brady 0-0: Ground out U3 (Groundball, 3S)
Batting: RHB Edmund Swanson 0-0: Foul Ball, location: 2F
0-1: Swinging Strike
0-2: Ball
1-2: SINGLE (Line Drive, 9S)
Batting: LHB Ryan Flynn 0-0: Ball
1-0: Foul Ball, location: 2F
1-1: Ball
2-1: SINGLE (Groundball, 6MD)
Edmund Swanson to second
Runner from 2nd tries for 3rd, SAFE, throw made to third
Ryan Flynn to second
Batting: LHB Ramón Morán 0-0: Ball
1-0: Ball
2-0: Hit by Pitch
Batting: RHB Diego Ledezma 0-0: Called Strike
0-1: Ball
1-1: Ball
2-1: Ball
3-1: Foul Ball, location: 2F
3-2: Foul Ball, location: 2F
3-2: Fly out, F8 (Line Drive, 8LM)
Top of the 1st over - 0 run(s), 2 hit(s), 0 error(s), 3 left on base; Plumstead 0 - Evanston 0
BOTTOM OF THE 1ST
Evanston Elitists batting - Pitching for Plumstead Eagles : RHP Jack Bass
Pitching: RHP Jack Bass
Batting: RHB Alberto Soto 0-0: Ball
1-0: Swinging Strike
1-1: Ball
2-1: Foul Ball, location: 2F
2-2: Ball
3-2: Strikes out swinging
Batting: SHB Jacob Wilcox 0-0: Fly out, F9 (Flyball, 9S)
Batting: RHB Jorge Calderón 0-0: Called Strike
0-1: Swinging Strike
0-2: Ball
1-2: Ball
2-2: Strikes out swinging
Bottom of the 1st over - 0 run(s), 0 hit(s), 0 error(s), 0 left on base; Plumstead 0 - Evanston 0
TOP OF THE 2ND
Plumstead Eagles batting - Pitching for Evanston Elitists : RHP Luis Torres
Batting: RHB Matt Thompson 0-0: Called Strike
0-1: Foul Ball, location: 2F
0-2: Ball
1-2: Ball
2-2: Foul Ball, location: 2F
2-2: Strikes out swinging
Batting: SHB Travis Martin 0-0: Called Strike
0-1: SINGLE (Line Drive, 4MD)
Batting: RHB Wilson Durán 0-0: Ball
Wild Pitch!
Travis Martin to second
1-0: Ball
2-0: Foul Ball, location: 2F
2-1: Ball
3-1: Swinging Strike
3-2: Foul Ball, location: 2F
3-2: Base on Balls
Batting: LHB Dennis McConnell 0-0: Ball
1-0: Ball
2-0: Ball
3-0: Called Strike
3-1: Base on Balls
Travis Martin to third
Wilson Durán to second
Batting: RHB Rob Brady 0-0: Ball
1-0: Foul Ball, location: 2F
1-1: Called Strike
1-2: Strikes out looking
Batting: RHB Edmund Swanson 0-0: Hit by Pitch
Travis Martin scores
Wilson Durán to third
Dennis McConnell to second
Batting: LHB Ryan Flynn 0-0: Ball
1-0: Called Strike
1-1: Ball
2-1: Swinging Strike
2-2: Ground out 5-3 (Groundball, 56S)
Top of the 2nd over - 1 run(s), 1 hit(s), 0 error(s), 3 left on base; Plumstead 1 - Evanston 0
BOTTOM OF THE 2ND
Evanston Elitists batting - Pitching for Plumstead Eagles : RHP Jack Bass
Batting: LHB Javier Mejía 0-0: Ball
1-0: Ball
2-0: Fly out, F5 (Flyball, 56D)
Batting: RHB Jerry Browning 0-0: Fly out, F8 (Flyball, 89D)
Batting: LHB Alberto Varela 0-0: Called Strike
0-1: Called Strike
0-2: Ball
1-2: Ground out 6-3 (Groundball, 56D)
Bottom of the 2nd over - 0 run(s), 0 hit(s), 0 error(s), 0 left on base; Plumstead 1 - Evanston 0
TOP OF THE 3RD
Plumstead Eagles batting - Pitching for Evanston Elitists : RHP Luis Torres
Batting: LHB Ramón Morán 0-0: Ball
1-0: Called Strike
1-1: Ball
2-1: Foul Ball, location: 2F
2-2: Ball
3-2: Strikes out looking
Batting: RHB Diego Ledezma 0-0: Ball
1-0: Swinging Strike
1-1: Foul Ball, location: 2F
1-2: Ball
2-2: Foul Ball, location: 2F
2-2: Ground out 6-3 (Groundball, 56)
Batting: RHB Matt Thompson 0-0: SINGLE (Flyball, 8LS)
Batting: SHB Travis Martin 0-0: Called Strike
0-1: DOUBLE (Line Drive, 89M)
Matt Thompson to third
Runner from 3rd tries for Home, SAFE, no throw
Batting: RHB Wilson Durán 0-0: Ball
1-0: Ball
2-0: Fly out, F9 (Flyball, 9)
Top of the 3rd over - 1 run(s), 2 hit(s), 0 error(s), 1 left on base; Plumstead 2 - Evanston 0
BOTTOM OF THE 3RD
Evanston Elitists batting - Pitching for Plumstead Eagles : RHP Jack Bass
Batting: RHB Miguel Toro 0-0: Ball
1-0: Fly out, F6 (Line Drive, 6)
Batting: RHB Ron Newcombe 0-0: Called Strike
0-1: Ball
1-1: SINGLE (Groundball, 56D)
Batting: LHB Jean-Sébastien Beaudin 0-0: Ball
1-0: Ball
2-0: Ball
3-0: Base on Balls
Ron Newcombe to second
Batting: RHB Alberto Soto 0-0: Ball
1-0: Called Strike
Ron Newcombe steals 3rd base
Jean-Sébastien Beaudin to second
1-1: Ball
2-1: Ground out 4-3 (Groundball, 34)
Ron Newcombe scores
Jean-Sébastien Beaudin to third
Batting: SHB Jacob Wilcox 0-0: Called Strike
0-1: Ball
1-1: Foul Ball, location: 2F
1-2: Ball
2-2: Foul Ball, location: 2F
2-2: Foul Ball, location: 2F
2-2: Strikes out swinging
Bottom of the 3rd over - 1 run(s), 1 hit(s), 0 error(s), 1 left on base; Plumstead 2 - Evanston 1
TOP OF THE 4TH
Plumstead Eagles batting - Pitching for Evanston Elitists : RHP Luis Torres
Batting: LHB Dennis McConnell 0-0: Ball
1-0: Foul Ball, location: 2F
1-1: Foul Ball, location: 2F
1-2: Foul Ball, location: 2F
1-2: Fly out, F9 (Flyball, 9)
Batting: RHB Rob Brady 0-0: Ball
1-0: Swinging Strike
1-1: Ball
2-1: Called Strike
2-2: SINGLE (Groundball, 6D)
Batting: RHB Edmund Swanson 0-0: Foul Ball, location: 2F
0-1: Foul Ball, location: 2F
0-2: Strikes out looking
Batting: LHB Ryan Flynn 0-0: Called Strike
0-1: Ball
1-1: Ball
2-1: Fly out, F9 (Flyball, 89D)
Top of the 4th over - 0 run(s), 1 hit(s), 0 error(s), 1 left on base; Plumstead 2 - Evanston 1
BOTTOM OF THE 4TH
Evanston Elitists batting - Pitching for Plumstead Eagles : RHP Jack Bass
Batting: RHB Jorge Calderón 0-0: Ball
1-0: SINGLE (Groundball, 25) (infield hit)
Batting: LHB Javier Mejía 0-0: Fly out, F7 (Flyball, 7)
Batting: RHB Jerry Browning 0-0: Swinging Strike
0-1: Ball
Jorge Calderón steals 2nd base
1-1: DOUBLE (Line Drive, 9LM)
Jorge Calderón scores
Batting: LHB Alberto Varela 0-0: Ball
1-0: Ball
2-0: Called Strike
2-1: Foul Ball, location: 2F
2-2: Strikes out swinging
Batting: RHB Miguel Toro 0-0: Ball
1-0: Ball
2-0: Ball
3-0: Called Strike
3-1: Ground out 6-3 (Groundball, 6)
Bottom of the 4th over - 1 run(s), 2 hit(s), 0 error(s), 1 left on base; Plumstead 2 - Evanston 2
TOP OF THE 5TH
Plumstead Eagles batting - Pitching for Evanston Elitists : RHP Luis Torres
Pitching: LHP Sam Olson
Batting: LHB Ramón Morán 0-0: Foul Ball, location: 2F
0-1: Ball
1-1: Ball
2-1: Ball
3-1: Base on Balls
Batting: RHB Diego Ledezma 0-0: Swinging Strike
0-1: Ball
1-1: Ball
Ramón Morán is caught stealing 2nd base
2-1: Swinging Strike
2-2: Ground out 5-3 (Groundball, 5S)
Batting: RHB Matt Thompson 0-0: Fly out, F5 (Line Drive, 5S)
Top of the 5th over - 0 run(s), 0 hit(s), 0 error(s), 0 left on base; Plumstead 2 - Evanston 2
BOTTOM OF THE 5TH
Evanston Elitists batting - Pitching for Plumstead Eagles : RHP Jack Bass
Batting: RHB Ron Newcombe 0-0: Ground out 6-3 (Groundball, 56)
Batting: LHB Jean-Sébastien Beaudin 0-0: Called Strike
0-1: Ball
1-1: Ground out 4-3 (Groundball, 34)
Batting: RHB Alberto Soto 0-0: Fly out, F4 (Flyball, 4D)
Bottom of the 5th over - 0 run(s), 0 hit(s), 0 error(s), 0 left on base; Plumstead 2 - Evanston 2
TOP OF THE 6TH
Plumstead Eagles batting - Pitching for Evanston Elitists : LHP Sam Olson
Batting: SHB Travis Martin 0-0: Ground out 5-3 (Groundball, 5)
Batting: RHB Wilson Durán 0-0: Ball
1-0: Called Strike
1-1: Ball
2-1: Ball
3-1: Foul Ball, location: 2F
3-2: Base on Balls
Batting: LHB Dennis McConnell 0-0: Called Strike
0-1: Ball
1-1: Foul Ball, location: 2F
1-2: SINGLE (Groundball, 15S) (infield hit)
Wilson Durán to second
Pinch Runner at 1st Roberto Rodríguez:
Batting: RHB Rob Brady 0-0: Swinging Strike
0-1: Ball
Wilson Durán steals 3rd base
Roberto Rodríguez to second
1-1: Fly out, F8 (Flyball, 89M)
Runner from 3rd tags up, SCORES, no throw
Batting: RHB Edmund Swanson 0-0: Ball
1-0: Ball
2-0: Ball
3-0: Base on Balls
Batting: LHB Ryan Flynn 0-0: Called Strike
0-1: Ball
1-1: Ball
2-1: Foul Ball, location: 2F
2-2: Strikes out swinging, 2-3 out at first.
Top of the 6th over - 1 run(s), 1 hit(s), 0 error(s), 2 left on base; Plumstead 3 - Evanston 2
BOTTOM OF THE 6TH
Evanston Elitists batting - Pitching for Plumstead Eagles : RHP Jack Bass
Now in LF: Roberto Rodríguez
Batting: SHB Jacob Wilcox 0-0: SINGLE (Groundball, 4M) (infield hit)
Batting: RHB Jorge Calderón 0-0: Ball
1-0: SINGLE (Line Drive, 89S)
Jacob Wilcox to second
Batting: LHB Javier Mejía 0-0: Ball
1-0: Ball
2-0: Ball
3-0: Called Strike
3-1: Base on Balls
Jacob Wilcox to third
Jorge Calderón to second
Batting: RHB Jerry Browning 0-0: SINGLE (Flyball, 8RS)
Jacob Wilcox scores
Jorge Calderón to third
Javier Mejía to second
Runner from 3rd tries for Home, SAFE, throw made home
Batting: LHB Alberto Varela 0-0: Ball
1-0: Ball
2-0: Called Strike
2-1: Ball
3-1: Base on Balls
Javier Mejía to third
Jerry Browning to second
Batting: RHB Miguel Toro 0-0: Ball
1-0: Ball
2-0: Ball
3-0: Called Strike
3-1: Base on Balls
Javier Mejía scores
Jerry Browning to third
Alberto Varela to second
Batting: RHB Ron Newcombe 0-0: Ball
1-0: Ball
2-0: Called Strike
2-1: Ball
3-1: Grounds into fielders choice 6-2 (Groundball, 6)
Alberto Varela to third
Miguel Toro to second
Pitching: LHP Jake Davis
Batting: LHB Jean-Sébastien Beaudin 0-0: Ball
1-0: Grounds into fielders choice 1-2 (Groundball, P)
Miguel Toro to third
Ron Newcombe to second
Batting: RHB Alberto Soto 0-0: Ball
1-0: Called Strike
1-1: DOUBLE (Flyball, 89M)
Miguel Toro scores
Ron Newcombe scores
Jean-Sébastien Beaudin to third
Runner from 3rd tries for Home, SAFE, no throw
Batting: SHB Jacob Wilcox 0-0: Called Strike
0-1: Ball
Wild Pitch!
Alberto Soto to third
1-1: Ball
2-1: Ball
3-1: Base on Balls
Batting: RHB Jorge Calderón 0-0: Called Strike
0-1: Swinging Strike
0-2: Ball
1-2: Foul Ball, location: 2F
1-2: Foul Ball, location: 2F
1-2: Ground out 5-3 (Groundball, 56)
Bottom of the 6th over - 6 run(s), 4 hit(s), 0 error(s), 2 left on base; Plumstead 3 - Evanston 8
TOP OF THE 7TH
Plumstead Eagles batting - Pitching for Evanston Elitists : LHP Sam Olson
Batting: LHB Ramón Morán 0-0: Ball
1-0: Swinging Strike
1-1: Swinging Strike
1-2: Ball
2-2: Ball
3-2: Strikes out swinging
Batting: RHB Diego Ledezma 0-0: Ball
1-0: Called Strike
1-1: Ball
2-1: Ball
3-1: Base on Balls
Batting: RHB Matt Thompson 0-0: Ball
1-0: Called Strike
1-1: Called Strike
1-2: Strikes out looking
Batting: SHB Travis Martin 0-0: Ball
1-0: Foul Ball, location: 2F
1-1: Swinging Strike
1-2: Strikes out swinging
Top of the 7th over - 0 run(s), 0 hit(s), 0 error(s), 1 left on base; Plumstead 3 - Evanston 8
BOTTOM OF THE 7TH
Evanston Elitists batting - Pitching for Plumstead Eagles : LHP Jake Davis
Batting: LHB Javier Mejía 0-0: Called Strike
0-1: Foul Ball, location: 2F
0-2: Ball
1-2: Ball
2-2: Strikes out swinging
Batting: RHB Jerry Browning 0-0: Ball
1-0: Ball
2-0: Called Strike
2-1: SINGLE (Line Drive, 34D)
Batting: LHB Alberto Varela 0-0: Ball
1-0: Called Strike
1-1: Ball
2-1: Fielders Choice at 2nd, 6-4 (Groundball, 6M)
Batting: RHB Miguel Toro 0-0: Ball
1-0: Ball
2-0: Called Strike
2-1: Ball
3-1: Base on Balls
Alberto Varela to second
Batting: RHB Ron Newcombe 0-0: Ball
1-0: Fly out, F8 (Flyball, 8RS)
Bottom of the 7th over - 0 run(s), 1 hit(s), 0 error(s), 2 left on base; Plumstead 3 - Evanston 8
TOP OF THE 8TH
Plumstead Eagles batting - Pitching for Evanston Elitists : LHP Sam Olson
Pitching: LHP Gregory Thompson
Batting: RHB Wilson Durán 0-0: Swinging Strike
0-1: Called Strike
0-2: Strikes out swinging
Batting: LHB Roberto Rodríguez 0-0: Swinging Strike
0-1: Swinging Strike
0-2: Strikes out looking
Batting: RHB Rob Brady 0-0: Ball
1-0: Called Strike
1-1: Foul Ball, location: 2F
1-2: Ball
2-2: Fly out, F9 (Flyball, 89M)
Top of the 8th over - 0 run(s), 0 hit(s), 0 error(s), 0 left on base; Plumstead 3 - Evanston 8
BOTTOM OF THE 8TH
Evanston Elitists batting - Pitching for Plumstead Eagles : LHP Jake Davis
Batting: LHB Jean-Sébastien Beaudin 0-0: Ball
1-0: Called Strike
1-1: Ball
2-1: Fly out, F8 (Flyball, 8RS)
Batting: RHB Alberto Soto 0-0: Ball
1-0: Swinging Strike
1-1: SINGLE (Line Drive, 7LM)
Batting: SHB Jacob Wilcox 0-0: Called Strike
0-1: Foul Ball, location: 2F
0-2: Ball
1-2: Ball
2-2: Foul Ball, location: 2F
2-2: Ball
3-2: Foul Ball, location: 2F
3-2: Foul Ball, location: 2F
3-2: Fly out, F9 (Flyball, 9S)
Batting: RHB Jorge Calderón 0-0: Ball
1-0: Ball
2-0: Called Strike
2-1: Fly out, F9 (Flyball, 9S)
Bottom of the 8th over - 0 run(s), 1 hit(s), 0 error(s), 1 left on base; Plumstead 3 - Evanston 8
TOP OF THE 9TH
Plumstead Eagles batting - Pitching for Evanston Elitists : LHP Gregory Thompson
Batting: RHB Edmund Swanson 0-0: Foul Ball, location: 2F
0-1: Ball
1-1: Foul Ball, location: 2F
1-2: Strikes out swinging
Batting: LHB Ryan Flynn 0-0: Ball
1-0: Ball
2-0: Ball
3-0: Base on Balls
Batting: LHB Ramón Morán 0-0: SINGLE (Groundball, 4MD)
Ryan Flynn to second
Batting: RHB Diego Ledezma 0-0: Ball
1-0: Ball
2-0: Swinging Strike
2-1: Ball
3-1: Foul Ball, location: 2F
3-2: Strikes out swinging
Batting: RHB Matt Thompson 0-0: Called Strike
0-1: Foul Ball, location: 2F
0-2: SINGLE (Line Drive, 34D)
Ryan Flynn to third
Ramón Morán to second
Runner from 3rd tries for Home, SAFE, no throw
Pitching: RHP Pablo Lima
Batting: SHB Travis Martin 0-0: Called Strike
0-1: Ball
1-1: Called Strike
1-2: Ball
2-2: Ball
3-2: Foul Ball, location: 2F
3-2: Strikes out swinging
Top of the 9th over - 1 run(s), 2 hit(s), 0 error(s), 2 left on base; Plumstead 4 - Evanston 8
Tuesday, August 8th, 2017 - OOTP Baseball 17.12 Build 75